Map: Orbital Shipyard

Players

Miszu - Winner!

  • Race: Terran Terran
  • League: Master

Ricus

  • Race: Terran Terran
  • League: Master

VOD

Have the link to the VOD?

Description

Time

  • Played on: March 18, 2016, 4:56 p.m.
  • Length: 14:02
Show
View Real Time Build Order
Export as new Build Order

Miszu Terran - Winner!

Build Orders: 1/1/1, Bio Tank, Banshee Rush 

Get SALT Encoding   

  12  0:00  SCV  
  13  0:12  SCV  
  14  0:18  Supply Depot  
  14  0:24  SCV  
  15  0:37  Refinery  
  15  0:39  SCV  
  16  0:44  Barracks  
  16  0:51  SCV  
  17  1:00  Refinery  
  17  1:03  SCV  
  18  1:16  SCV  
  19  1:28  SCV  
  20  1:37  Factory  
  20  1:40  Orbital Command  
  20  1:43  Reaper  
  21  1:47  Supply Depot  
  21  2:05  SCV  
  22  2:15  Reaper  
  23  2:17  SCV  
  23  2:21  Hellion  
  23  2:22  Starport  
  26  2:25  Supply Depot  
  26  2:29  SCV  
  27  2:42  Hellion, SCV  
  30  2:53  Barracks Tech Lab  
  30  2:54  SCV  
  31  3:03  Supply Depot  
  31  3:06  SCV  
  32  3:18  SCV  
  32  3:23  Cloaking Field, Banshee  
  32  3:25  Factory Tech Lab  
  35  3:30  SCV  
  35  3:32  Barracks Reactor  
  36  3:40  Command Center  
  36  3:47  SCV  
  38  3:59  SCV  
  36  4:03  Command Center  
  36  4:11  SCV  
  33  4:23  Marine  
  33  4:24  Marine  
  33  4:25  Siege Tank  
  37  4:37  Banshee  
  40  4:40  SCV  
  40  4:41  Marine  
  40  4:44  Marine  
  43  4:52  SCV  
  44  4:55  SCV  
  42  5:04  SCV  
  40  5:10  Orbital Command  
  40  5:11  Marine x2  
  41  5:16  SCV  
  41  5:28  SCV  
  41  5:29  Marine x2  
  41  5:35  SCV  
  41  5:40  SCV  
  41  5:42  Orbital Command  
  43  5:48  SCV  
  44  5:52  SCV  
  44  5:54  Barracks  
  44  5:55  Barracks  
  45  5:57  Starport Reactor, Marine x2  
  45  6:00  SCV  
  48  6:06  SCV  
  48  6:08  Siege Tank  
  52  6:12  SCV  
  52  6:13  SCV  
  52  6:15  Marine, Refinery  
  52  6:16  Refinery  
  55  6:18  Marine  
  56  6:33  Marine  
  56  6:35  SCV x3  
  56  6:36  Marine  
  61  6:42  Engineering Bay x2  
  61  6:47  Marine  
  61  6:49  SCV  
  61  6:50  Marine, SCV  
  61  6:53  Marine  
  66  6:54  Marine  
  66  6:55  Stimpack  
  66  7:06  SCV  
  66  7:07  Marine  
  67  7:08  Marine  
  67  7:10  Viking x2  
  67  7:13  Marine  
  67  7:14  SCV  
  75  7:18  Terran Infantry Weapons Level 1, Terran Infantry Armor Level 1, SCV  
  76  7:25  Barracks  
  76  7:26  Barracks, SCV  
  76  7:27  Supply Depot  
  76  7:30  Supply Depot, Barracks Tech Lab  
  76  7:35  SCV  
  77  7:49  Marine x3, SCV  
  82  7:58  Orbital Command  
  82  8:00  SCV  
  82  8:01  SCV  
  83  8:09  Supply Depot  
  83  8:10  Armory  
  83  8:11  Missile Turret  
  83  8:12  SCV  
  84  8:13  Barracks Reactor, SCV  
  84  8:14  Missile Turret  
  84  8:15  Barracks Reactor  
  84  8:16  Combat Shields  
  84  8:18  Medivac  
  84  8:19  Medivac  
  85  8:21  Reaper  
  85  8:24  SCV  
  85  8:25  SCV x2  
  89  8:36  SCV  
  89  8:37  SCV x2  
  89  8:40  Marine x2  
  94  8:44  Siege Tank  
  94  8:47  Sensor Tower  
  94  8:48  Factory, SCV  
  97  8:49  SCV x2  
  97  8:51  Refinery x2  
  100  8:56  Marine  
  100  9:02  Missile Turret  
  101  9:05  Missile Turret  
  101  9:13  Terran Infantry Armor Level 2, SCV x2  
  101  9:14  Supply Depot x2, Marine x2  
  101  9:15  SCV  
  101  9:16  Medivac  
  101  9:18  Supply Depot  
  101  9:25  Missile Turret  
  101  9:26  Terran Infantry Weapons Level 2  
  101  9:33  Factory Tech Lab  
  101  9:35  Marine, Medivac, SCV x3  
  101  9:36  Supply Depot x2  
  107  9:39  Siege Tank  
  110  9:46  Medivac  
  110  9:47  SCV, Terran Vehicle Weapons Level 1  
  110  9:48  Marine x2  
  110  9:49  Marine x3  
  118  9:55  Siege Tank  
  121  10:05  Medivac  
  123  10:07  Marine x6  
  123  10:11  Siege Tank  
  123  10:14  Supply Depot  
  132  10:16  Marine x2  
  134  10:25  Marine x4  
  134  10:27  Siege Tank  
  140  10:34  Supply Depot  
  140  10:35  Supply Depot  
  140  10:39  Marine x3  
  143  10:42  Marine  
  143  10:43  Marine x2, Siege Tank  
  149  10:55  Marine, Medivac x2  
  154  10:59  Supply Depot x2, Siege Tank  
  154  11:01  Supply Depot  
  156  11:09  Marine  
  156  11:10  Marine x3  
  160  11:14  Marine  
  160  11:15  Marine x3  
  164  11:25  Medivac  
  164  11:27  Marine  
  164  11:28  Marine x3  
  164  11:32  Marine, Command Center  
  167  11:33  Marine  
  167  11:35  Marine  
  167  11:36  Marine  
  167  11:38  Siege Tank  
  173  11:45  Marine  
  167  12:12  Marine  
  167  12:13  Siege Tank x2  
  174  12:16  Marine x4  
  174  12:17  Marine  
  173  12:25  Marine  
  173  12:26  Marine  
  173  12:28  Medivac x2  
  173  12:29  Marine  
  176  12:34  Marine x5  
  181  12:43  Marine  
  178  12:44  Marine  
  178  12:45  Siege Tank  
  178  12:49  Marine  
  178  12:51  Siege Tank  
  174  12:52  Marine x5  
  174  12:58  Medivac  
  179  13:00  Marine, Medivac  
  179  13:02  Marine  
  179  13:07  Marine  
  179  13:09  Marine  
  179  13:10  Marine x4  
  185  13:17  Siege Tank  
  185  13:18  Marine  
  189  13:20  Marine  
  189  13:22  Widow Mine  
  189  13:25  Marine  
  193  13:35  Marine  
Show
View Real Time Build Order
Export as new Build Order

Ricus Terran 

Build Orders: 1/1/1, Cyclone Opening 

Get SALT Encoding   

  12  0:01  SCV  
  13  0:13  SCV  
  14  0:17  Supply Depot  
  14  0:25  SCV  
  14  0:28  Refinery  
  15  0:39  SCV  
  16  0:44  Barracks  
  16  0:51  SCV  
  17  1:03  SCV  
  18  1:15  SCV  
  19  1:32  Supply Depot, Marine, Orbital Command  
  20  1:33  Factory  
  20  1:37  Refinery  
  20  1:50  Marine  
  21  1:57  SCV  
  22  2:08  Marine  
  23  2:09  SCV  
  24  2:17  Factory Tech Lab  
  24  2:18  Starport  
  24  2:20  Supply Depot  
  24  2:21  SCV  
  25  2:26  Marine  
  26  2:33  SCV  
  30  2:37  Cyclone  
  30  2:43  Marine  
  31  2:46  SCV  
  32  2:56  Medivac  
  34  3:07  Command Center  
  34  3:10  Marine  
  35  3:17  SCV  
  39  3:20  Siege Tank  
  39  3:28  Barracks Reactor  
  39  3:36  Supply Depot  
  39  3:47  Viking, SCV  
  39  3:55  Supply Depot  
  39  4:00  SCV  
  40  4:12  Command Center  
  40  4:31  Raven, SCV  
  40  4:32  Marine x2  
  40  4:34  Hellion  
  46  4:39  Orbital Command  
  46  4:43  SCV  
  47  4:45  Engineering Bay  
  47  4:50  Marine  
  48  4:55  SCV  
  48  4:57  Widow Mine  
  48  4:58  Marine  
  52  5:07  SCV x2  
  52  5:08  Marine  
  54  5:14  Missile Turret  
  54  5:16  Missile Turret  
  54  5:19  SCV  
  54  5:21  Marine  
  51  5:29  SCV  
  51  5:31  SCV  
  53  5:36  Marine  
  53  5:39  Marine  
  55  5:50  Orbital Command  
  55  5:52  SCV  
  55  5:53  Marine  
  55  5:55  Starport Reactor  
  55  5:56  Marine, Barracks  
  58  5:58  Siege Tank, Barracks  
  60  6:05  SCV  
  60  6:06  SCV  
  60  6:09  Supply Depot  
  62  6:11  Terran Infantry Weapons Level 1, Marine  
  62  6:17  SCV  
  62  6:18  SCV x2  
  66  6:20  Marine  
  67  6:29  Marine, SCV  
  67  6:30  SCV  
  67  6:31  SCV  
  68  6:33  Siege Tank  
  70  6:41  SCV  
  71  6:47  Marine  
  71  6:48  SCV x2  
  71  6:51  Barracks Tech Lab x2  
  71  6:54  SCV  
  75  6:57  Marine  
  75  7:00  Refinery, SCV x2  
  75  7:01  Refinery  
  78  7:03  Engineering Bay  
  78  7:04  Orbital Command  
  78  7:05  Armory  
  78  7:06  SCV  
  78  7:07  Marine  
  79  7:09  Combat Shields  
  79  7:10  Stimpack  
  79  7:12  SCV  
  79  7:13  Marine  
  79  7:14  Marine  
  82  7:16  Marine  
  82  7:18  SCV  
  84  7:24  SCV  
  84  7:27  Marine  
  86  7:30  SCV  
  86  7:31  Marine x2, SCV  
  86  7:36  Marine, SCV  
  92  7:37  Terran Infantry Armor Level 1  
  92  7:40  Missile Turret  
  92  7:41  Missile Turret  
  92  7:42  SCV  
  92  7:44  SCV, Missile Turret  
  90  7:56  Marine x2  
  90  7:57  Siege Tank  
  90  7:58  SCV x2  
  92  8:05  Barracks  
  87  8:06  Barracks  
  87  8:07  Barracks  
  87  8:10  Marine  
  87  8:11  Marine, SCV  
  87  8:12  SCV x2  
  90  8:14  Marine x2  
  90  8:15  Refinery  
  90  8:16  Refinery  
  92  8:28  Marine  
  92  8:30  Missile Turret  
  92  8:31  Missile Turret  
  92  8:32  Missile Turret  
  92  8:33  Terran Infantry Weapons Level 2  
  93  8:37  Marine  
  93  8:38  Marine, Medivac, Siege Tank  
  93  8:40  Missile Turret  
  93  8:41  Missile Turret  
  100  8:43  Marine  
  100  8:48  Missile Turret  
  101  8:49  Missile Turret  
  101  8:53  Marine  
  101  8:54  Barracks Reactor x3  
  101  8:55  SCV  
  101  8:57  Terran Vehicle Weapons Level 1  
  101  9:06  SCV x2  
  101  9:15  Supply Depot  
  101  9:17  Supply Depot  
  101  9:19  Supply Depot  
  101  9:27  Marine x4, Medivac, SCV x2  
  101  9:29  Siege Tank  
  101  9:30  Marine, Medivac  
  101  9:31  Factory  
  115  9:32  Factory, SCV  
  115  9:33  Missile Turret  
  115  9:38  Sensor Tower  
  116  9:39  Marine x2, SCV x2  
  116  9:41  Marine  
  116  9:44  SCV  
  116  9:45  Marine  
  123  9:47  Terran Infantry Armor Level 2  
  123  9:48  Marine x2  
  125  9:55  SCV x2  
  125  9:56  SCV  
  125  9:58  Marine  
  125  9:59  Marine x3  
  132  10:00  Marine  
  134  10:07  SCV  
  134  10:10  Starport  
  134  10:13  Marine, Medivac x2  
  134  10:14  Marine x2  
  138  10:20  Marine x2  
  140  10:23  Marine  
  140  10:25  Marine  
  141  10:30  Factory Tech Lab x2  
  141  10:42  Marine x2  
  140  10:44  Viking x2  
  141  10:54  Terran Infantry Weapons Level 3, Command Center  
  141  11:12  Viking  
  141  11:14  Marine x2  
  141  11:27  Supply Depot, Marine x2  
  141  11:28  Supply Depot, Terran Vehicle Weapons Level 2  
  141  11:31  Supply Depot  
  141  11:32  Supply Depot, Viking x2, Marine  
  141  11:33  Marine, Siege Tank  
  141  11:38  Sensor Tower  
  148  11:42  Viking  
  148  11:44  Marine  
  143  11:53  Marine  
  120  11:57  Siege Tank  
  120  11:59  Marine x3  
  110  12:01  Marine  
  110  12:04  Marine x2  
  110  12:06  Siege Tank  
  115  12:09  Marine x2  
  100  12:24  Marine x2  
  100  12:26  Marine, Medivac, Siege Tank  
  101  12:34  Marine x2  
  98  12:38  Siege Tank  
  98  12:42  Marine x2  
  99  12:44  Marine  
  99  12:45  Marine  
  93  12:51  Marine  
  93  12:52  Marine x2  
  93  12:55  Planetary Fortress  
  93  12:56  Marine  
  93  12:58  Marine x2, Siege Tank  
  94  13:00  Marine x2  
  87  13:07  Marine  
  87  13:08  Marine  
  87  13:09  Marine  
  87  13:10  Siege Tank  
  93  13:18  Medivac x2  
  97  13:23  Marine  
  97  13:30  Marine  
  93  13:41  Marine  
  93  13:42  Marine x2  
  93  13:43  Marine x3  
Tags
 
Add a new tag
Caveats
  • Supply blocks, unpowered buildings, or Contaminate may cause inaccurate times.
  • Supply counts are checked every 10 seconds.